ORI
HAMILTON ROSS RAMS @ UNIVERSITY OF FLORIDA GATORS
10/19/2049
 
TOP OF THE 1ST
Hamilton Ross Rams batting - Pitching for University of Florida Gators : RHP Nelson Carachure
Pitching: RHP Nelson Carachure
Batting: RHB Giovonni Melis 0-0: Foul Ball, location: 2F
0-1: Called Strike
0-2: Ball
1-2: Ball
2-2: SINGLE (Line Drive, 9S, EV 105.6 MPH)
Batting: RHB Burke Miller 0-0: Called Strike
Giovonni Melis steals 2nd base
0-1: Foul Ball, location: 2F
0-2: Strikes out swinging
Batting: SHB Steve Bailey 0-0: Called Strike
0-1: Foul Ball, location: 2F
0-2: Strikes out swinging
Batting: LHB Miguel Silveira 0-0: Called Strike
0-1: Ground out 4-3 (Groundball, 34D, EV 105.0 MPH)
Top of the 1st over - 0 runs, 1 hit, 0 errors, 1 left on base; Hamilton Ross 0 - University of Florida 0
BOTTOM OF THE 1ST
University of Florida Gators batting - Pitching for Hamilton Ross Rams : LHP Alejandro Silveira
Pitching: LHP Alejandro Silveira
Batting: RHB Jiao-long Zhào 0-0: Ball
1-0: Ball
2-0: Ball
3-0: Base on Balls
Batting: SHB Tokuichi Ishida 0-0: Ball
Jiao-long Zhào is caught stealing 2nd base 2-4
1-0: Called Strike
1-1: Foul Ball, location: 2F
1-2: Foul Ball, location: 2F
1-2: Ball
2-2: Foul Ball, location: 2F
2-2: Strikes out looking
Batting: RHB Gong-sun Law 0-0: Ground out 6-3 (Groundball, 6MD, EV 80.6 MPH)
Bottom of the 1st over - 0 runs, 0 hits, 0 errors, 0 left on base; Hamilton Ross 0 - University of Florida 0
TOP OF THE 2ND
Hamilton Ross Rams batting - Pitching for University of Florida Gators : RHP Nelson Carachure
Batting: RHB Sam Costello 0-0: Ball
1-0: Foul Ball, location: 2F
1-1: Ground out 6-3 (Groundball, 6, EV 81.9 MPH)
Batting: LHB Jose Lopez 0-0: Ball
1-0: Swinging Strike
1-1: Foul Ball, location: 2F
1-2: Foul Ball, location: 2F
1-2: Strikes out swinging
Batting: RHB C.J. Fleet 0-0: Ball
1-0: Fly out, F7 (Flyball, 7, EV 77.5 MPH)
Top of the 2nd over - 0 runs, 0 hits, 0 errors, 0 left on base; Hamilton Ross 0 - University of Florida 0
BOTTOM OF THE 2ND
University of Florida Gators batting - Pitching for Hamilton Ross Rams : LHP Alejandro Silveira
Batting: SHB Nelson Carachure 0-0: Ball
1-0: Ball
2-0: Called Strike
2-1: Ball
3-1: Base on Balls
Batting: RHB Jae-won Kwon 0-0: Ball
1-0: Grounds into double play, 5-4-3 (Groundball, 5, EV 88.1 MPH)
Batting: RHB Lião Weishampt 0-0: Ball
1-0: Ball
2-0: Ball
3-0: Called Strike
3-1: Called Strike
3-2: Foul Ball, location: 2F
3-2: Fly out, F9 (Flyball, 89M, EV 91.2 MPH)
Bottom of the 2nd over - 0 runs, 0 hits, 0 errors, 0 left on base; Hamilton Ross 0 - University of Florida 0
TOP OF THE 3RD
Hamilton Ross Rams batting - Pitching for University of Florida Gators : RHP Nelson Carachure
Batting: RHB Mark Kerr 0-0: Called Strike
0-1: TRIPLE (Flyball, 7D, EV 100.6 MPH)
Batting: RHB Anderson Shumate 0-0: Called Strike
0-1: Ball
1-1: Fly out, F8 (Flyball, 8RD, EV 105.0 MPH)
Runner from 3rd tags up, SCORES, throw by CF
Batting: RHB Giovonni Melis 0-0: Ball
1-0: Ball
2-0: Foul Ball, location: 2F
2-1: Called Strike
2-2: Ground out U3 (Groundball, 3, EV 102.5 MPH)
Batting: RHB Burke Miller 0-0: Ball
1-0: Foul Ball, location: 2F
1-1: Ball
2-1: Called Strike
2-2: Foul Ball, location: 2F
2-2: Foul Ball, location: 2F
2-2: Strikes out swinging
Top of the 3rd over - 1 run, 1 hit, 0 errors, 0 left on base; Hamilton Ross 1 - University of Florida 0
BOTTOM OF THE 3RD
University of Florida Gators batting - Pitching for Hamilton Ross Rams : LHP Alejandro Silveira
Batting: LHB Roy Davies 0-0: Called Strike
0-1: Ball
1-1: Ball
2-1: Ground out 6-3 (Groundball, 6, EV 99.4 MPH)
Batting: SHB Pat Justice 0-0: Ground out 5-3 (Groundball, 56, EV 81.9 MPH)
Batting: RHB Juan Lopez 0-0: Called Strike
0-1: Swinging Strike
0-2: Ball
1-2: SINGLE (Line Drive, 4D, EV 100.6 MPH)
Batting: RHB Jiao-long Zhào 0-0: Ball
1-0: Ball
2-0: 2-RUN HOME RUN (Flyball, 7LD, EV 90.0 MPH), Distance : 341 ft
Batting: SHB Tokuichi Ishida 0-0: Ball
1-0: Ball
2-0: Called Strike
2-1: Swinging Strike
2-2: Ball
3-2: Strikes out swinging
Bottom of the 3rd over - 2 runs, 2 hits, 0 errors, 0 left on base; Hamilton Ross 1 - University of Florida 2
TOP OF THE 4TH
Hamilton Ross Rams batting - Pitching for University of Florida Gators : RHP Nelson Carachure
Batting: SHB Steve Bailey 0-0: Ball
1-0: Ball
2-0: Ground out U3 (Groundball, 3S, EV 88.8 MPH)
Batting: LHB Miguel Silveira 0-0: Ball
1-0: Ball
2-0: Foul Ball, location: 2F
2-1: Ball
3-1: Called Strike
3-2: Strikes out swinging
Batting: RHB Sam Costello 0-0: Called Strike
0-1: Foul Ball, location: 2F
0-2: Ball
1-2: Ground out 4-3 (Groundball, 4M, EV 98.8 MPH)
Top of the 4th over - 0 runs, 0 hits, 0 errors, 0 left on base; Hamilton Ross 1 - University of Florida 2
BOTTOM OF THE 4TH
University of Florida Gators batting - Pitching for Hamilton Ross Rams : LHP Alejandro Silveira
Batting: RHB Gong-sun Law 0-0: Ball
1-0: Ball
2-0: Called Strike
2-1: Ball
3-1: Swinging Strike
3-2: Base on Balls
Batting: SHB Nelson Carachure 0-0: Ball
1-0: Ball
2-0: Ball
3-0: Base on Balls
Gong-sun Law to second
Batting: RHB Jae-won Kwon 0-0: Called Strike
0-1: Called Strike
0-2: Ball
1-2: Ball
2-2: SINGLE (Line Drive, 6M, EV 103.8 MPH)
Gong-sun Law to third
Nelson Carachure to second
Batting: RHB Lião Weishampt 0-0: Called Strike
0-1: Ball
1-1: Ball
2-1: Ball
3-1: Foul Ball, location: 2F
3-2: Base on Balls
Gong-sun Law scores
Nelson Carachure to third
Jae-won Kwon to second
Batting: LHB Roy Davies 0-0: Fielders Choice at 2nd, 4-6 (Groundball, 4M, EV 101.2 MPH)
Nelson Carachure scores
Jae-won Kwon to third
Batting: SHB Pat Justice 0-0: Ball
1-0: Called Strike
1-1: Ball
Roy Davies is caught stealing 2nd base 2-4
2-1: Fly out, F8 (Flyball, 8LD, EV 98.1 MPH)
Bottom of the 4th over - 2 runs, 1 hit, 0 errors, 1 left on base; Hamilton Ross 1 - University of Florida 4
TOP OF THE 5TH
Hamilton Ross Rams batting - Pitching for University of Florida Gators : RHP Nelson Carachure
Batting: LHB Jose Lopez 0-0: Called Strike
0-1: Ball
1-1: Ball
2-1: Fly out, F4 (Line Drive, 4M, EV 62.5 MPH)
Batting: RHB C.J. Fleet 0-0: Ball
1-0: Foul Ball, location: 2F
1-1: SINGLE (Line Drive, 4D, EV 101.2 MPH)
Batting: RHB Mark Kerr 0-0: Called Strike
0-1: Swinging Strike
0-2: Ball
1-2: Fly out, F9 (Line Drive, 89M, EV 96.9 MPH)
Batting: RHB Anderson Shumate 0-0: Ball
1-0: Ball
C.J. Fleet is caught stealing 2nd base 2-4
Top of the 5th over - 0 runs, 1 hit, 0 errors, 0 left on base; Hamilton Ross 1 - University of Florida 4
BOTTOM OF THE 5TH
University of Florida Gators batting - Pitching for Hamilton Ross Rams : LHP Alejandro Silveira
Batting: RHB Juan Lopez 0-0: Swinging Strike
0-1: Foul Ball, location: 2F
0-2: Foul Ball, location: 2F
0-2: Strikes out looking
Batting: RHB Jiao-long Zhào 0-0: Ball
1-0: Fly out, F9 (Flyball, 89S, EV 83.8 MPH)
Batting: SHB Tokuichi Ishida 0-0: Ground out 5-3 (Groundball, 56S, EV 83.8 MPH)
Bottom of the 5th over - 0 runs, 0 hits, 0 errors, 0 left on base; Hamilton Ross 1 - University of Florida 4
TOP OF THE 6TH
Hamilton Ross Rams batting - Pitching for University of Florida Gators : RHP Nelson Carachure
Batting: RHB Anderson Shumate 0-0: Ball
1-0: Ball
2-0: Foul Ball, location: 2F
2-1: Foul Ball, location: 2F
2-2: Foul Ball, location: 2F
2-2: Ball
3-2: Foul Ball, location: 2F
3-2: Strikes out swinging
Batting: RHB Giovonni Melis 0-0: Fly out, F8 (Flyball, 8RD, EV 84.4 MPH)
Batting: RHB Burke Miller 0-0: Ball
1-0: Ball
2-0: Foul Ball, location: 2F
2-1: Ball
3-1: Foul Ball, location: 2F
3-2: Ground out 6-3 (Groundball, 6, EV 104.4 MPH)
Top of the 6th over - 0 runs, 0 hits, 0 errors, 0 left on base; Hamilton Ross 1 - University of Florida 4
BOTTOM OF THE 6TH
University of Florida Gators batting - Pitching for Hamilton Ross Rams : LHP Alejandro Silveira
Batting: RHB Gong-sun Law 0-0: Called Strike
0-1: Ball
1-1: Swinging Strike
1-2: Ball
2-2: Ball
3-2: Foul Ball, location: 2F
3-2: Reached on error, E5 (Groundball, 5, EV 86.9 MPH)
Pitching: RHP Huai-yi Ji
Batting: SHB Nelson Carachure 0-0: Ball
Gong-sun Law steals 2nd, throwing error, E2
Gong-sun Law to third
1-0: Foul Ball, location: 2F
1-1: Called Strike
1-2: Ball
2-2: Foul Ball, location: 2F
2-2: Ball
3-2: Fly out, F7 (Flyball, 78S, EV 93.8 MPH)
Batting: RHB Jae-won Kwon 0-0: Foul Ball, location: 2F
0-1: SINGLE (Flyball, 3D, EV 85.6 MPH)
Gong-sun Law scores
Batting: RHB Lião Weishampt 0-0: Ball
1-0: Called Strike
1-1: Called Strike
1-2: Strikes out looking
Batting: LHB Roy Davies 0-0: Ball
1-0: Called Strike
1-1: Ground out 4-3 (Groundball, 4, EV 85.6 MPH)
Bottom of the 6th over - 1 run, 1 hit, 2 errors, 1 left on base; Hamilton Ross 1 - University of Florida 5
TOP OF THE 7TH
Hamilton Ross Rams batting - Pitching for University of Florida Gators : RHP Nelson Carachure
Pitching: RHP Dave Ross
Batting: SHB Steve Bailey 0-0: Ball
1-0: Fly out, F6 (Popup, 6S, EV 71.9 MPH)
Batting: LHB Miguel Silveira 0-0: Ball
1-0: Called Strike
1-1: Foul Ball, location: 2F
1-2: Ball
2-2: Strikes out swinging
Batting: RHB Sam Costello 0-0: Ball
1-0: Ball
2-0: Ball
3-0: Base on Balls
Batting: LHB Jose Lopez 0-0: Ball
1-0: Swinging Strike
1-1: Ball
2-1: Foul Ball, location: 2F
2-2: Ball
3-2: Foul Ball, location: 2F
3-2: Foul Ball, location: 2F
3-2: Base on Balls
Sam Costello to second
Batting: RHB C.J. Fleet 0-0: Called Strike
0-1: Foul Ball, location: 2F
0-2: Fly out, F7 (Flyball, 7LS, EV 78.1 MPH)
Top of the 7th over - 0 runs, 0 hits, 0 errors, 2 left on base; Hamilton Ross 1 - University of Florida 5
BOTTOM OF THE 7TH
University of Florida Gators batting - Pitching for Hamilton Ross Rams : RHP Huai-yi Ji
Batting: SHB Pat Justice 0-0: Ball
1-0: Called Strike
1-1: Ball
2-1: Ground out 4-3 (Groundball, 4, EV 82.5 MPH)
Batting: RHB Juan Lopez 0-0: Swinging Strike
0-1: Ball
1-1: Fly out, F4 (Line Drive, 4, EV 66.2 MPH)
Batting: RHB Jiao-long Zhào 0-0: Called Strike
0-1: SOLO HOME RUN (Flyball, 7D, EV 93.1 MPH), Distance : 365 ft
Batting: SHB Tokuichi Ishida 0-0: Ball
1-0: Ball
2-0: Ground out U3 (Groundball, 3, EV 91.9 MPH)
Bottom of the 7th over - 1 run, 1 hit, 0 errors, 0 left on base; Hamilton Ross 1 - University of Florida 6
TOP OF THE 8TH
Hamilton Ross Rams batting - Pitching for University of Florida Gators : RHP Dave Ross
Pinch Hitting: LHB Addergoole Kartosuwiryo 0-0: Ball
1-0: Foul Ball, location: 2F
1-1: Ball
2-1: Hit by Pitch
Batting: RHB Anderson Shumate 0-0: Ball
1-0: Ball
2-0: Foul Ball, location: 2F
2-1: Ball
3-1: Base on Balls
Addergoole Kartosuwiryo to second
Pitching: LHP Michel Loiseau
Batting: RHB Giovonni Melis 0-0: Ball
1-0: Swinging Strike
1-1: Called Strike
1-2: Ball
2-2: Ball
3-2: Foul Ball, location: 2F
3-2: Foul Ball, location: 2F
3-2: Foul Ball, location: 2F
3-2: Foul Ball, location: 2F
3-2: SINGLE (Line Drive, 4D, EV 95.0 MPH)
Addergoole Kartosuwiryo to third
Anderson Shumate to second
Batting: RHB Burke Miller 0-0: Ball
1-0: Ball
2-0: Ball
3-0: Called Strike
3-1: Foul Ball, location: 2F
3-2: Grounds into double play, 6-4-3 (Groundball, 56, EV 92.5 MPH)
Addergoole Kartosuwiryo scores
Anderson Shumate to third
Batting: SHB Steve Bailey 0-0: Ball
1-0: Ball
2-0: Foul Ball, location: 2F
2-1: SINGLE (Line Drive, 56D, EV 98.8 MPH)
Anderson Shumate scores
Pinch Hitting: RHB Waggoner Wagner 0-0: Fielders Choice at 2nd, 5-4 (Groundball, 5, EV 105.0 MPH)
Top of the 8th over - 2 runs, 2 hits, 0 errors, 1 left on base; Hamilton Ross 3 - University of Florida 6
BOTTOM OF THE 8TH
University of Florida Gators batting - Pitching for Hamilton Ross Rams : RHP Huai-yi Ji
Now at 2B: Addergoole Kartosuwiryo
Now at 3B: Waggoner Wagner
Batting: RHB Gong-sun Law 0-0: Called Strike
0-1: Foul Ball, location: 2F
0-2: Foul Ball, location: 2F
0-2: Ball
1-2: SINGLE (Groundball, 56D, EV 99.4 MPH) (infield hit)
Batting: SHB Nelson Carachure 0-0: TRIPLE (Line Drive, 89XD, EV 106.9 MPH)
Gong-sun Law scores
Batting: RHB Jae-won Kwon 0-0: Ground out 5-3 (Groundball, 56, EV 107.5 MPH)
Nelson Carachure scores
Pitching: RHP Chris Moore
Batting: RHB Lião Weishampt 0-0: Ball
1-0: DOUBLE (Flyball, 7LD, EV 100.6 MPH)
Batting: LHB Roy Davies 0-0: Ball
1-0: Ball
2-0: Fly out, F7 (Flyball, 7LS, EV 86.2 MPH)
Batting: SHB Pat Justice 0-0: Ground out 5-3 (Groundball, 56, EV 81.2 MPH)
Bottom of the 8th over - 2 runs, 3 hits, 0 errors, 1 left on base; Hamilton Ross 3 - University of Florida 8
TOP OF THE 9TH
Hamilton Ross Rams batting - Pitching for University of Florida Gators : LHP Michel Loiseau
Batting: RHB Sam Costello 0-0: Called Strike
0-1: Ball
1-1: Swinging Strike
1-2: Fly out, F8 (Flyball, 8LD, EV 78.8 MPH)
Batting: LHB Jose Lopez 0-0: Foul Ball, location: 3F, Error on foul ball, E3
0-1: Ball
1-1: Ball
2-1: Foul Ball, location: 2F
2-2: Foul Ball, location: 2F
2-2: Foul Ball, location: 2F
2-2: Ball
3-2: Base on Balls
Pitching: RHP Roberto Santiago
Batting: RHB C.J. Fleet 0-0: Called Strike
0-1: SINGLE (Line Drive, 89M, EV 106.9 MPH)
Jose Lopez to second
Batting: LHB Addergoole Kartosuwiryo 0-0: Ball
1-0: Fly out, F5 (Popup, 5S, EV 71.2 MPH)
Batting: RHB Anderson Shumate 0-0: Ball
1-0: Ball
2-0: Called Strike
2-1: Foul Ball, location: 2F
2-2: Ground out 5-3 (Groundball, 5S, EV 92.5 MPH)
Top of the 9th over - 0 runs, 1 hit, 1 error, 2 left on base; Hamilton Ross 3 - University of Florida 8
Sunday, July 16th , 2023 - OOTP Baseball 24.6 Build 69